AoeStats
← Tom Bombadil's Chode

Pilgrims

510148192Analyzed
4v4 RM · 3d ago on Sep 29, 2026· 42m 22s· 8 players
Game mode
Random Map
Map size
Large (8 player)
Population
200
Speed
Normal
Resources
Standard
Victory
Conquest
Starting age
Dark Age
Ending age
Imperial Age
RankedLock teamsTeams togetherTeam positionsShared explorationLock speedFull tech treeHidden civsTurbo modeCheats
Victory
Defeat
🇦🇹 Italians · Austria
1498
+8
🇦🇹 Varangians · Austria
1279
+16
🇦🇹 Vikings · Austria
1270
+16
🇦🇹 Cumans · Austria
1246
+17
🇬🇧 Celts · United Kingdom
1297
-15
🇲🇪 Persians · Montenegro
1293
-15
🇲🇪 Malay · Montenegro
1274
-14
🇲🇪 Georgians · Montenegro
1248
-13
Bager
8:17 Loom
11:12 Feudal Age
12:29 Fishing Lines
16:04 Castle Age
14:21 Gold Mining
14:46 Double-Bit Axe
16:54 Medium Warships
18:30 Gillnets
20:23 Scale Barding Armor
20:29 Forging
22:15 Chain Barding Armor
22:18 Bloodlines
27:25 Horse Collar
28:46 Husbandry
36:47 Iron Casting
43:15 Imperial Age
Tom Bombadil's Chode
9:41 Feudal Age
9:52 Man-at-Arms
10:18 Arson
11:45 Double-Bit Axe
11:49 Loom
19:45 Castle Age
21:34 Gold Mining
21:25 Horse Collar
21:57 Pikeman
28:05 Scale Mail Armor
28:15 Forging
29:55 Wheelbarrow
29:23 Stone Mining
34:27 Imperial Age
35:28 Chain Mail Armor
34:34 Halberdier
40:29 Fletching
42:29 Bodkin Arrow
43:06 Plate Mail Armor
Mićaš
10:26 Loom
12:32 Feudal Age
12:14 Fishing Lines
14:06 Double-Bit Axe
16:48 Castle Age
14:51 Fletching
18:11 Bodkin Arrow
19:07 Gillnets
19:15 Double-Bit Axe
20:01 Forging
22:37 Iron Casting
22:53 Arson
24:15 Pikeman
25:33 Bow Saw
25:59 Gold Mining
26:15 Squires
26:21 Horse Collar
30:48 Imperial Age
33:13 Wheelbarrow
32:50 Forced Levy
34:44 Blast Furnace
33:53 Man-at-Arms
34:55 Long Swordsman
36:40 Two-Handed Swordsman
39:04 Conscription
strokac
6:20 Loom
9:57 Feudal Age
11:18 Double-Bit Axe
17:38 Castle Age
15:44 Fletching
15:54 Padded Archer Armor
15:38 Fishing Lines
18:20 Medium Warships
18:07 Bodkin Arrow
18:28 Leather Archer Armor
19:13 Town Watch
20:04 Wheelbarrow
20:16 Ballistics
20:53 Gold Mining
22:04 Pikeman
22:29 Arson
22:46 Squires
24:25 Husbandry
26:03 Scale Barding Armor
26:50 Horse Collar
28:05 Bloodlines
31:05 Hand Cart
33:38 Town Patrol
34:23 Forging
34:42 Chain Barding Armor
38:25 Imperial Age
38:01 Cavalier
39:19 Plate Barding Armor
39:19 Iron Casting
41:10 Light Cavalry
Julian
6:49 Loom
11:45 Feudal Age
15:11 Castle Age
14:12 Double-Bit Axe
14:49 Fletching
18:39 Wheelbarrow
26:59 Horse Collar
32:59 Imperial Age
30:52 Ballistics
33:37 Bodkin Arrow
34:45 Chemistry
34:25 Padded Archer Armor
34:28 Bracer
34:17 Cranequins
35:10 Bloodlines
35:01 Husbandry
35:56 Padded Archer Armor
35:51 Gold Mining
36:04 Heavy Plow
38:09 Heavy Mounted Crossbowman
41:31 Leather Archer Armor
[DDocs] Haasal
12:10 Feudal Age
12:20 Loom
12:56 Double-Bit Axe
16:13 Castle Age
17:08 Fletching
18:10 Wheelbarrow
17:22 Crossbowman
18:21 Bow Saw
18:10 Bodkin Arrow
17:39 Crossbowman
23:01 Hand Cart
23:25 Padded Archer Armor
24:40 Town Watch
24:50 Gold Mining
26:27 Leather Archer Armor
26:38 Thumb Ring
30:10 Imperial Age
29:00 Stone Mining
29:18 Town Patrol
31:00 Bracer
36:52 Ring Archer Armor
37:25 Chemistry
36:29 Arbalester
43:19 Ballistics
alex
10:25 Feudal Age
10:57 Loom
14:17 Fletching
19:03 Castle Age
21:19 Scale Barding Armor
21:25 Forging
21:24 Bodkin Arrow
21:29 Padded Archer Armor
21:57 Crossbowman
34:46 Leather Archer Armor
37:48 Imperial Age
35:43 Gold Mining
38:47 Ballistics
39:33 Chemistry
37:54 Arbalester
39:55 Ring Archer Armor
39:25 Bracer
39:36 Forging
vikings
10:37 Feudal Age
11:35 Loom
12:25 Wheelbarrow
12:00 Double-Bit Axe
12:49 Horse Collar
17:43 Castle Age
16:59 Scale Barding Armor
17:05 Forging
27:15 Bow Saw
29:17 Heavy Plow
31:56 Wheelbarrow
31:49 Chain Barding Armor
32:05 Iron Casting
Connection lost

Rejoining the realm…

Still unreachable

The connection could not be restored.

Session expired

The server has moved on; the page needs a fresh start.